 Dungeon Crawl Stone Soup version 0.28-a0-1074-g3cb2360906 (webtiles) character file.

Game seed: 6684018316113732620

719 Lavandula the Cutter (level 7, -1/57 HPs)
             Began as a Naga Arcane Marksman on Dec 9, 2021.
             Was an Initiate of Ashenzari.
             Shot with an arrow by a centaur (10 damage)
             ... on level 6 of the Dungeon.
             The game lasted 00:12:10 (5274 turns).

Lavandula the Cutter (Naga Arcane Marksman)         Turns: 5274, Time: 00:12:10

Health: -1/57      AC:  4    Str: 15    XL:     7   Next: 70%
Magic:  8/8        EV: 10    Int: 13    God:    Ashenzari [......]
Gold:   98         SH:  0    Dex: 11    Spells: 1/8 levels left

rFire   . . .      SeeInvis +   l - +3 dagger (venom)
rCold   . . .      Faith    .   (no shield)
rNeg    . . .      Spirit   .   d - +0 robe
rPois   +          Reflect  .   g - +0 helmet
rElec   .          Harm     .   (no cloak)
rCorr   +          Rampage  .   (no gloves)
Will    +....                   (no barding)
Stlth   +.........              (no amulet)
HPRegen 0.19/turn               n - ring of willpower
MPRegen 0.11/turn               s - ring of resist corrosion

@: very slow
A: AC +2, large, see invisible, deformed body, poison resistance, slowness 2,
spit poison 1, naga tail 1
a: Spit Poison, Renounce Religion


You were on level 6 of the Dungeon.
You worshipped Ashenzari.
Ashenzari was noncommittal.
You visited 2 branches of the dungeon, and saw 7 of its levels.

You collected 198 gold pieces.
You spent 100 gold pieces at shops.

Inventory:

Hand Weapons
 a - a +0 hand crossbow
 e - a +0 whip of venom
 k - a +1 short sword of draining
 l - a +3 dagger of venom (weapon)
Missiles
 c - 41 bolts
 u - 6 curare-tipped darts (quivered)
Armour
 d - a +0 robe (worn)
 g - a +0 helmet (worn)
Jewellery
 n - a ring of willpower (left hand)
 s - a ring of resist corrosion (right hand)
 z - a +6 ring of intelligence
Wands
 w - a wand of paralysis (9)
Scrolls
 b - a scroll of silence
 i - 3 scrolls of vulnerability
 m - a scroll of amnesia {unknown}
 q - a scroll of fog {unknown}
 r - a scroll of blinking {unknown}
 t - a scroll of teleportation {unknown}
 v - 2 scrolls of enchant weapon {unknown}
 y - a scroll of magic mapping {unknown}
Potions
 f - 2 potions of curing
 h - a potion of resistance
 j - 3 potions of heal wounds
 p - a potion of cancellation
 x - a potion of attraction


   Skills:
 - Level 1.1 Fighting
 - Level 5.7 Short Blades
 - Level 1.9 Maces & Flails
 - Level 2.3 Crossbows
 - Level 1.9 Dodging
 - Level 1.0 Spellcasting
 - Level 3.5 Hexes
 + Level 3.5 Summonings
 - Level 1.4 Transmutations


You had one spell level left.
You knew the following spells:

 Your Spells              Type           Power      Damage    Failure   Level
a - Slow                  Hex            36%        N/A       6%          1
b - Inner Flame           Hex/Fire       5%         N/A       38%         3
c - Call Imp              Summ           9%         N/A       10%         2
d - Beastly Appendage     Tmut           8%         N/A       16%         1

Your spell library contained the following spells:

 Spells                   Type           Power      Damage    Failure   Level
 Magic Dart               Conj           0%         1d3       28%         1
 Wereblood                Tmut           4%         N/A       24%         2
 Portal Projectile        Hex/Tloc       10%        N/A       38%         3
 Spider Form              Tmut/Pois      2%         N/A       54%         3
 Cause Fear               Hex            4%         N/A       54%         4
 Mephitic Cloud           Conj/Pois/Air  0%         N/A       63%         3
 Stone Arrow              Conj/Erth      0%         3d7       63%         3
 Animate Armour           Summ/Erth      10%        N/A       80%         4
 Summon Mana Viper        Hex/Summ       9%         N/A       88%         5
 Iskenderun's Mystic Bla  Conj/Tloc      0%         2d3       95%         4
 Summon Forest            Summ/Tloc      2%         N/A       98%         5
 Summon Cactus Giant      Summ           4%         N/A       100%        6
 Disjunction              Tloc           0%         N/A       100%        8
 Lehudib's Crystal Spear  Conj/Erth      0%         10d2      100%        8


Dungeon Overview and Level Annotations

Branches:
Dungeon (6/15)             Temple (1/1) D:5

Altars:
Ashenzari
Elyvilon
Fedhas
Hepliaklqana
Makhleb
Nemelex Xobeh
Okawaru
Qazlal
Ru
Sif Muna
Wu Jian
Zin
The Shining One

Shops:
D:4 *


Innate Abilities, Weirdness & Mutations

Your serpentine skin is tough. (AC +2)
You have supernaturally acute eyesight. (SInv)
Armour fits poorly on your strangely shaped body.
Your system is resistant to poisons. (rPois)
You cover ground very slowly.
You can spit poison.
You have a snake-like lower body.


Message History

You have got your breath back.
The iguana bites you!
You completely miss the iguana.
The iguana is severely wounded.
The iguana bites you!
You hit the iguana.
The iguana is almost dead.
You kill the iguana!
Your Summonings skill increases to level 3!
No target in view!
A scorpion comes into view.
Aiming: Spit Poison (1% risk of failure)
Press: ? - help, Shift-Dir - straight line, f - scorpion
Aim: a scorpion (wandering, hasn't noticed you)
The splash of poison hits the scorpion but does no damage.
The scorpion stings you!
You are poisoned.
The scorpion poisons you! The scorpion misses you.
You hit the scorpion.
The scorpion is poisoned.
The scorpion is lightly wounded.
You have got your breath back.
You feel very sick. The scorpion barely misses you.
You hit the scorpion.
The scorpion looks as sick as possible!
The scorpion is heavily wounded.
You feel sick.
You kill the scorpion!
You are too injured to fight recklessly!
You feel sick.
There is a stone staircase leading up here.
You start resting.
You feel sick. x7
You are no longer poisoned.
You start resting.
A centaur comes into view.
The centaur shouts!
The centaur wields a +0 shortbow.
The centaur shoots an arrow.
The arrow hits you!
* * * LOW HITPOINT WARNING * * *
The centaur shoots an arrow.
The arrow hits you!
You die...

#########
#.......#
#....$..#
#....$..#
#.†.....#
#.......#
#.@...[.#
#####c...#
.##.# . .#
.. . ..
..#


You could see a centaur.

Vanquished Creatures
  A phantom (D:4)
  3 scorpions
  A bullfrog zombie (D:5)
  2 orc priests
  A centaur skeleton (D:5)
  2 iguanas
  2 orc wizards
  Terence (D:2)
  A hound skeleton (D:4)
  4 gnolls
  7 adders
  An ufetubus (D:5)
  A worm (D:3)
  2 dart slugs (D:1)
  11 orcs
  6 endoplasms
  2 giant cockroaches
  5 goblins
  9 hobgoblins
  12 jackals
  3 quokkas
  14 ball pythons
  7 bats
  A frilled lizard (D:1)
  11 kobolds
  A quokka skeleton (D:4)
  8 rats
119 creatures vanquished.

Notes
Turn   | Place    | Note
-------+----------+-------------------------------------------
     0 | D:1      | Lavandula the Naga Arcane Marksman began the quest for the
                  | Orb.
     0 | D:1      | Reached XP level 1. HP: 18/18 MP: 2/2
   221 | D:1      | Reached XP level 2. HP: 21/25 MP: 3/3
   551 | D:1      | Reached XP level 3. HP: 31/31 MP: 4/4
   896 | D:1      | Reached skill level 1 in Maces & Flails
  1351 | D:2      | Found a faded altar of an unknown god.
  1606 | D:2      | Reached XP level 4. HP: 37/37 MP: 5/5
  1674 | D:2      | Reached skill level 1 in Short Blades
  1900 | D:2      | Noticed Terence
  1911 | D:2      | Killed Terence
  1912 | D:2      | Reached skill level 2 in Short Blades
  2238 | D:2      | Noticed a scorpion
  2241 | D:2      | Killed a scorpion
  2242 | D:2      | Reached skill level 3 in Short Blades
  2242 | D:2      | Reached XP level 5. HP: 44/44 MP: 6/6
  2936 | D:3      | Learned a level 3 spell: Inner Flame
  2939 | D:3      | Learned a level 2 spell: Call Imp
  2955 | D:3      | Found an iron altar of Okawaru.
  3096 | D:4      | Reached skill level 4 in Short Blades
  3182 | D:4      | Reached XP level 6. HP: 38/51 MP: 7/7
  3387 | D:4      | Reached skill level 5 in Short Blades
  3393 | D:4      | Learned a level 1 spell: Beastly Appendage
  3573 | D:4      | Got the Papyrus of Syndicalism
  3702 | D:4      | Found Gariw's General Store.
  3710 | D:4      | Bought a potion of heal wounds for 50 gold pieces
  3710 | D:4      | Bought a potion of curing for 30 gold pieces
  3710 | D:4      | Bought a scroll of identify for 20 gold pieces
  3950 | D:4      | Reached XP level 7. HP: 41/57 MP: 8/8
  4106 | D:5      | Entered Level 5 of the Dungeon
  4221 | D:5      | Reached skill level 1 in Transmutations
  4466 | D:5      | Reached skill level 1 in Summonings
  5063 | D:5      | Found a staircase to the Ecumenical Temple.
  5079 | Temple   | Entered the Ecumenical Temple
  5159 | Temple   | Became a worshipper of Ashenzari the Shackled
  5274 | D:6      | Shot with an arrow by a centaur

Illustrated notes

Levels and vault maps discovered:
D:1:      onia_arrival_handbag, layout_loops_corners, minmay_bisected
D:2:      layout_loops_ring, nicolae_ecumenical_oubliette, uniq_terence
D:3:      layout_basic, okawaru_altar_gauntlet_db
D:4:      layout_cave_pools, nicolae_stop_n_shop_2, minmay_misc_feat_rows,
          st_stairs_1
D:5:      layout_rooms, minmay_temple_entry_offerings
D:6:      layout_rooms, hangedman_decor_points, minmay_bent, uniq_duvessa,
          uniq_edmund
Temple:   regret_index_temple_sphere_string

Skill      XL: |  1  2  3  4  5  6  7 |
---------------+----------------------+-----
Crossbows      | 2 |  2.3
Maces & Flails | 1 |  1.9
Short Blades   | 3 4 5 |  5.7
Transmutations | 1 |  1.4
Summonings     | 3 |  3.5
Fighting       | |  1.1
Dodging        | |  1.9
Spellcasting   | |  1.0
Hexes          | |  3.5

Action                   |  1- 3 |  4- 6 |  7- 9 || total
-------------------------+-------+-------+-------++-------
Melee: Whip              |    23 |       |       ||    23
       Dagger            |       |   141 |    78 ||   219
       Headbutt          |       |       |     4 ||     4
 Fire: Hand crossbow     |    42 |     4 |     5 ||    51
 Cast: Beastly Appendage |       |     1 |     3 ||     4
       Call Imp          |       |       |     1 ||     1
 Abil: Spit Poison       |    29 |    20 |     9 ||    58
  Use: Scroll            |       |       |     6 ||     6
Armor: Robe              |     8 |    25 |     9 ||    42
Dodge: Dodged            |    21 |    64 |    28 ||   113

Table legend: (Time is in decaauts)
 A = Elapsed time spent in this place.
 B = Non-inter-level travel time spent in this place.
 C = Inter-level travel time spent in this place.
 D = Time resting spent in this place.
 E = Time spent auto-exploring this place.
 F = Levels seen in this place.
 G = Mean time per level.
                   A        B        C        D        E       F      G
               +--------+--------+--------+--------+--------+-----+--------+
         Total |   6351 |   6170 |    181 |    570 |   4718 |   7 |  907.3 |
       Dungeon |   6225 |   6056 |    169 |    570 |   4627 |   6 | 1037.5 |
        Temple |    126 |    114 |     12 |      0 |     91 |   1 |  126.0 |
               +--------+--------+--------+--------+--------+-----+--------+

Top non-repeatable levels by time:
     D:1: 1751 daAuts
     D:2: 1358 daAuts
     D:4: 1192 daAuts
     D:5: 1166 daAuts
     D:3: 727 daAuts
  Temple: 126 daAuts
     D:6: 28 daAuts
